cohdb
Replays
Latest Replays
All Replays
Popular Replays
Top Player Replays
Match Explorer
How It Works
Community
CoH3 Stats
Reddit
Sign in to upload your games and track your stats! →
Sign in with Steam
Match 40351057
Unlisted
Match 40351057
Overview
Messages
Build Orders
End
Construct Barracks
Riflemen Squad
Riflemen Squad
1⁄4-ton 4x4 Truck
Grenade Package
Riflemen Squad
Mechanized Support Center
Construct Weapon Support Center
Selects Heavy Weapons
Selects Assault Carriers
M3 Assault Carrier
M1918 Browning Automatic Rifles
Selects M2HB .50cal Heavy Machine Gun
Construct Medical Station
Selects Exchangeable Parts
Selects M2HB .50cal Heavy Machine Gun
Construct Tank Depot
M4A1 Sherman Medium Tank
알파카사랑해♥
Exf
Gravey
懒白糖酱Qwq
쏘우세지
YangGalbi
kpj6423
J
0
0
Comments
sign in to comment!
No comments posted yet!